 Dungeon Crawl Stone Soup version 0.30-a0-591-g3c58d2bc28 (webtiles) character file.

Game seed: 9238523862733499094

881 Querens the Vexing (level 7, -2/32 HPs)
             Began as a Spriggan Enchanter on Jan 6, 2023.
             Was a Follower of Wu Jian.
             Killed from afar by a white imp (9 damage)
             ... with a puff of frost
             ... on level 5 of the Dungeon.
             The game lasted 00:12:38 (2845 turns).

Querens the Vexing (Spriggan Enchanter)             Turns: 2845, Time: 00:12:39

Health: -2/32      AC:  2    Str:  4    XL:     7   Next: 75%
Magic:  7/17       EV: 17    Int: 16    God:    Wu Jian [*.....]
Gold:   193        SH:  0    Dex: 18    Spells: 8/19 levels left

rFire   . . .      SeeInvis +    t - +1 dagger (chaos)
rCold   . . .      Faith    .    (no shield)
rNeg    . . .      Spirit   .    b - +0 robe
rPois   .          Reflect  .    (helmet restricted)
rElec   .          Harm     .    (no cloak)
rCorr   .          Rampage  .    (gloves unavailable)
Will    +....                    (boots unavailable)
Stlth   +++                      (no amulet)
HPRegen 0.25/turn                g - ring of wizardry
MPRegen 0.15/turn                (no ring)

@: confusing by touch, very quick
A: very small, no large weapons, unfitting armour, see invisible, speed 3
a: Renounce Religion


You were on level 5 of the Dungeon.
You worshipped Wu Jian.
Wu Jian was aware of your devotion.
You visited 2 branches of the dungeon, and saw 6 of its levels.

You collected 193 gold pieces.

Inventory:

Hand Weapons
 j - a +2 dagger of protection
 t - a +1 dagger of chaos (weapon)
Armour
 b - a +0 robe (worn)
Jewellery
 g - a ring of wizardry (left hand)
 k - a ring of flight
Wands
 n - a wand of paralysis (12)
Scrolls
 a - a scroll of amnesia {unknown}
 d - 6 scrolls of identify
 e - 3 scrolls of brand weapon
 h - 2 scrolls of poison {unknown}
 i - 3 scrolls of teleportation
 l - a scroll of immolation {unknown}
 m - 2 scrolls of fog {unknown}
 p - a scroll of noise {unknown}
 s - a scroll of magic mapping {unknown}
Potions
 c - 2 potions of invisibility
 f - a potion of heal wounds {unknown}
 o - a potion of ambrosia {unknown}
 q - 2 potions of mutation {unknown}
 r - a potion of berserk rage {unknown}
 u - a potion of might {unknown}
 v - a potion of flight {unknown}


   Skills:
 + Level 5.6 Short Blades
 - Level 2.6 Dodging
 - Level 4.4 Stealth
 + Level 6.6 Spellcasting
 + Level 7.0 Hexes


You had 8 spell levels left.
You knew the following spells:

 Your Spells              Type           Power      Damage    Failure   Level
a - Ensorcelled Hibernat  Hex/Ice        32%        N/A       1%          2
b - Confusing Touch       Hex            28%        N/A       1%          3
c - Dazzling Flash        Conj/Hex       32%        N/A       3%          3
d - Tukima's Dance        Hex            28%        N/A       1%          3

Your spell library contained the following spells:

 Spells                   Type           Power      Damage    Failure   Level
 Scorch                   Fire           10%        2d6       9%          2
 Yara's Violent Unravell  Hex/Tmut       8%         3d5       32%         5
 Flame Wave               Conj/Fire      5%         2d5       45%         4
 Enfeeble                 Hex            14%        N/A       90%         7
 Summon Cactus Giant      Summ           2%         N/A       100%        6
 Chain Lightning          Conj/Air       2%         3d3       100%        9
 Fire Storm               Conj/Fire      2%         8d1       100%        9
 Shatter                  Erth           2%         3d6*      100%        9


Dungeon Overview and Level Annotations

Branches:
Dungeon (5/15)             Temple (1/1) D:4

Altars:
Ashenzari
Cheibriados
Hepliaklqana
Kikubaaqudgha
Nemelex Xobeh
Okawaru
Qazlal
Ru
Sif Muna
Trog
Uskayaw
Wu Jian
Xom
Zin


Innate Abilities, Weirdness & Mutations

You are very small and have problems with some larger weapons.
You are too small for most types of armour.
You have supernaturally acute eyesight. (SInv)
You cover ground extremely quickly. (Speed+++)


Message History

The quasit claws you but does no damage.
The quasit closely misses you. The shadow imp misses you.
You hit the shadow imp.
The shadow imp is severely wounded.
The quasit completely misses you. The quasit closely misses you.
The quasit misses you.
You hit the shadow imp.
The shadow imp is almost dead.
The white imp hits you but does no damage.
The quasit bites you but does no damage.
The quasit claws you but does no damage. x2
The white imp gestures at you. The puff of frost hits you!
The shadow imp barely misses the white imp.
Your +2 dagger of protection goes still.
Your +1 dagger of chaos is briefly surrounded by a scintillating aura of random colours.
t - a +1 dagger of chaos (weapon)
Casting: Confusing Touch (safe; 1% risk of failure)
Confirm with . or Enter, or press ? or * to list all spells.
Your hands begin to glow red.
You barely miss the quasit. The quasit barely misses you.
The quasit misses you. The quasit claws you.
You hit the quasit but do no damage.
The quasit appears confused.
You punch the quasit, but do no damage. The quasit closely misses you.
The quasit claws you but does no damage.
The quasit misses you.
You catch the helpless quasit completely off-guard!
You impale the quasit!! You freeze the quasit.
You kill the quasit!
The Council accepts your kill. The white imp gestures at you.
The puff of frost hits you.
* * * LOW HITPOINT WARNING * * *
Casting: Confusing Touch (safe; 1% risk of failure)
Confirm with . or Enter, or press ? or * to list all spells.
Your hands begin to glow red.
You lunge at the white imp.
You hit the white imp but do no damage. The white imp gestures at you.
The puff of frost hits you!
You die...

# #. ######
##..#....#
....$....#
.........#######
?.........5....#
.....#########5#
.... #@# .#. #.#
# #.# #.# #.#
#.# #.#######
#.#.....#
#.#.###.#


You could see a white imp.

Vanquished Creatures
  Grinder (D:4)
  2 scorpions (D:4)
  4 crimson imps (D:4)
  A quasit (D:5)
  2 hounds (D:4)
  2 orc priests
  An iguana (D:5)
  4 orc wizards
  6 adders
  3 worms
  3 dart slugs
  14 orcs
  3 ball pythons (D:2)
  10 endoplasms
  3 giant cockroaches
  5 goblins
  4 hobgoblins
  3 jackals (D:1)
  4 quokkas
  3 bats
  5 frilled lizards
  8 kobolds
  3 rats
94 creatures vanquished.

Vanquished Creatures (others)
  2 demonic plants (D:5)
2 creatures vanquished.

Grand Total: 96 creatures vanquished

Notes
Turn   | Place    | Note
-------+----------+-------------------------------------------
     0 | D:1      | Querens the Spriggan Enchanter began the quest for the Orb.
     0 | D:1      | Reached XP level 1. HP: 9/9 MP: 5/5
    78 | D:1      | Reached XP level 2. HP: 6/13 MP: 7/7
    92 | D:1      | Learned a level 2 spell: Ensorcelled Hibernation
   153 | D:1      | Reached skill level 4 in Hexes
   535 | D:2      | Reached XP level 3. HP: 16/16 MP: 8/8
   757 | D:2      | Found a sparkling altar of Nemelex Xobeh.
  1156 | D:3      | Reached XP level 4. HP: 21/21 MP: 10/10
  1319 | D:3      | Reached XP level 5. HP: 13/24 MP: 5/12
  1379 | D:3      | Reached skill level 5 in Hexes
  1443 | D:3      | Found an iron altar of Okawaru.
  1638 | D:4      | Found a staircase to the Ecumenical Temple.
  1647 | Temple   | Entered the Ecumenical Temple
  1690 | Temple   | Became a worshipper of the Wu Jian Council
  2029 | D:4      | Reached XP level 6. HP: 28/28 MP: 11/14
  2046 | D:4      | Noticed Grinder
  2082 | D:4      | Reached skill level 5 in Spellcasting
  2115 | D:3      | Learned a level 3 spell: Confusing Touch
  2119 | D:3      | Learned a level 3 spell: Dazzling Flash
  2123 | D:3      | Learned a level 3 spell: Tukima's Dance
  2164 | D:4      | Found a shimmering altar of Xom.
  2298 | D:4      | Reached skill level 6 in Hexes
  2397 | D:4      | Found a snail-covered altar of Cheibriados.
  2504 | D:4      | Reached XP level 7. HP: 30/32 MP: 7/16
  2637 | D:4      | Killed Grinder
  2638 | D:4      | Reached skill level 5 in Short Blades
  2670 | D:4      | Reached * piety under Wu Jian
  2769 | D:5      | Entered Level 5 of the Dungeon
  2811 | D:5      | Reached skill level 7 in Hexes
  2845 | D:5      | Killed from afar by a white imp

Illustrated notes

Levels and vault maps discovered:
D:1:      heliophobic_arrival_henge, layout_basic,
          hangedman_decor_clover_reticule
D:2:      layout_rooms, basic_altar, kennysheep_small_spiral
D:3:      layout_loops_ring, mainiacjoe_overflow_alcove_2
D:4:      layout_loops_corners, led_xom_imps, slow_altar_1,
          minmay_temple_entry_large_hall, uniq_grinder
D:5:      layout_basic, lemuel_round_altar, nicolae_gozag_seed_capital,
          serial_demonic, serial_demonic_e, serial_demonic_f, serial_demonic_a,
          serial_demonic_a, serial_demonic_b, serial_demonic_g, uniq_sigmund
Temple:   jpeg_temple_alley_garden

Skill      XL: |  1  2  3  4  5  6  7 |
---------------+----------------------+-----
Spellcasting   | 3 4 5 6 |  6.6
Hexes          | 4 5 6 7 |  7.0
Short Blades   | 2 3 4 5 |  5.6
Dodging        | |  2.6
Stealth        | |  4.4

Action                   |  1- 3 |  4- 6 |  7- 9 || total
-------------------------+-------+-------+-------++-------
Melee: Dagger            |   144 |   212 |    53 ||   409
       Punch             |     1 |     2 |     1 ||     4
 Cast: Ensorcelled Hiber |    18 |    14 |     9 ||    41
       Confusing Touch   |       |    10 |     5 ||    15
Invok: Lunge             |       |    10 |     5 ||    15
  Use: Scroll            |       |     2 |       ||     2
 Stab: Sleeping          |    13 |    20 |     6 ||    39
       Confused          |       |     5 |     2 ||     7
       Distracted        |       |     1 |       ||     1
Armor: Robe              |    14 |    26 |    13 ||    53
Dodge: Dodged            |    99 |   114 |    34 ||   247

Table legend: (Time is in decaauts)
 A = Elapsed time spent in this place.
 B = Non-inter-level travel time spent in this place.
 C = Inter-level travel time spent in this place.
 D = Time resting spent in this place.
 E = Time spent auto-exploring this place.
 F = Levels seen in this place.
 G = Mean time per level.
                   A        B        C        D        E       F      G
               +--------+--------+--------+--------+--------+-----+--------+
         Total |   1880 |   1808 |     72 |     11 |      0 |   6 |  313.3 |
       Dungeon |   1828 |   1780 |     48 |     11 |      0 |   5 |  365.6 |
        Temple |     52 |     28 |     24 |      0 |      0 |   1 |   52.0 |
               +--------+--------+--------+--------+--------+-----+--------+

Top non-repeatable levels by time:
     D:4: 680 daAuts
     D:2: 393 daAuts
     D:1: 353 daAuts
     D:3: 351 daAuts
  Temple: 52 daAuts
     D:5: 49 daAuts
